 Dungeon Crawl Stone Soup version 0.20.1-1-g8b1a95d (webtiles) character file.

178 torrenera the Chiller (level 5, -5/35 HPs)
             Began as a Demonspawn Ice Elementalist on Sept 25, 2017.
             Was an Initiate of Vehumet.
             Slain by Menkaure (20 damage)
             ... on level 5 of the Dungeon.
             The game lasted 00:11:39 (4076 turns).

torrenera the Chiller (Demonspawn Ice Elementalist) Turns: 4076, Time: 00:11:40

Health: -5/35      AC:  4    Str:  8    XL:     5   Next: 32%
Magic:  10/10      EV: 12    Int: 17    God:    Vehumet [......]
Gold:   184        SH:  0    Dex: 20    Spells: 2/10 levels left

rFire    . . .     SeeInvis .   A - +2 dagger (venom)
rCold    . . .     Gourm    .   (no shield)
rNeg     . . .     Faith    .   a - +0 robe
rPois    .         Spirit   .   (no helmet)
rElec    .         Reflect  .   l - +1 cloak
rCorr    .         Harm     .   (no gloves)
MR       .....                  (no boots)
Stlth    ++........             (no amulet)
Regen    0.2/turn               j - +2 ring of dexterity
MPRegen  0.2/turn               s - +4 ring of dexterity

@: no status effects
A: spiny 1, sturdy frame 1
a: Renounce Religion


You were on level 5 of the Dungeon.
You worshipped Vehumet.
Vehumet was noncommittal.
You were not hungry.

You visited 1 branch of the dungeon, and saw 5 of its levels.

You collected 184 gold pieces.

Inventory:

Hand Weapons
 A - a +2 dagger of venom (weapon)
Missiles
 n - 102 stones (quivered)
 q - 11 poisoned needles
Armour
 a - a +0 robe (worn)
 l - a +1 cloak (worn)
 G - the +6 chain mail of Eternal Night {rCorr Int-4 Dex+4, unknown}
   (You found it on level 5 of the Dungeon)

   It affects your intelligence (-4).
   It affects your dexterity (+4).
   It protects you from acid and corrosion.
Jewellery
 j - a +2 ring of dexterity (left hand)
 s - a +4 ring of dexterity (right hand)
 C - an uncursed ring of protection from magic {unknown}
 F - an uncursed ring of fire {unknown}
Scrolls
 e - a scroll of remove curse {unknown}
 f - a scroll of identify
 m - a scroll of blinking
 o - a scroll of fog
 p - 2 scrolls of recharging
 y - 2 scrolls of amnesia
 D - a scroll of magic mapping {unknown}
 E - a scroll of immolation {unknown}
 I - a scroll of fear {unknown}
Potions
 d - 2 potions of haste {unknown}
 g - a potion of curing
 h - a potion of agility {unknown}
 k - a potion of degeneration {unknown}
 u - a potion of brilliance {unknown}
 v - a potion of lignification {unknown}
 w - a potion of might {unknown}
 x - a potion of magic {unknown}
 z - 3 potions of cancellation {unknown}
 B - a potion of invisibility {unknown}
Books
 b - a book of Frost

   Spells                             Type                      Level
   a - Freeze                         Ice                          1
   b - Throw Frost                    Conjuration/Ice              2
   c - Ozocubu's Armour               Charms/Ice                   3
   d - Throw Icicle                   Conjuration/Ice              4
   e - Summon Ice Beast               Ice/Summoning                4
Comestibles
 c - 5 bread rations
 i - 6 fruits
 r - 2 meat rations
 t - 2 royal jellies
 H - a chunk of flesh


   Skills:
 - Level 1.7 Dodging
 - Level 1.7 Stealth
 + Level 3.3 Spellcasting
   Level 1.0 Conjurations
 * Level 1.5 Summonings
 + Level 4.4 Ice Magic


You had 2 spell levels left.
You knew the following spells:

 Your Spells              Type           Power        Failure   Level  Hunger
a - Freeze                Ice            ###.         2%          1    None
b - Ozocubu's Armour      Chrm/Ice       ##......     21%         3    ###....
c - Summon Ice Beast      Ice/Summ       ##......     45%         4    ####...


Dungeon Overview and Level Annotations

Branches:
Dungeon (5/15)
 Temple: D:4-7

Altars:
Ashenzari
Fedhas
Ru
Vehumet

Annotations:
D:4 2 runed doors, Dowan, Duvessa
D:5 Menkaure


Innate Abilities, Weirdness & Mutations

You are partially covered in sharp spines.
Your movements are slightly less encumbered by armour. (ER -2)


Message History

Menkaure is lightly damaged.
Menkaure casts a spell.
Menkaure seems to speed up.
You hit Menkaure.
Menkaure is lightly damaged.
Menkaure is struck by your spines. Menkaure completely misses you.
You barely miss Menkaure.
Menkaure is moderately damaged.
Menkaure is struck by your spines. Menkaure hits you.
You hit Menkaure.
Menkaure is heavily damaged.
Menkaure is struck by your spines. Menkaure barely misses you.
You hit Menkaure.
Menkaure is severely damaged.
Menkaure barely misses you.
You hit Menkaure but do no damage.
Menkaure is severely damaged.
Menkaure hits you!!
Ouch! That really hurt!
You die...

#...####..##[.
##.#####..#..♣
#.[..........
#.#####..##.♣ #.#
#...##.. #.# #...##..
#.# #...##..
##########.####....###
#..(M@............####
#.########............
#............
#>#.#........
########.#.#.....##.
...........###.#....
######....# #.###..
###.###.###.# #..
##...###.....# #..


You could see Menkaure.

Vanquished Creatures
  A hound (D:5)
  A worker ant (D:5)
  4 adders (D:2)
  An adder zombie (D:5)
  3 worms
  2 leopard geckos (D:2)
  6 orcs (D:3)
  11 bats
  2 giant cockroaches
  9 goblins
  7 hobgoblins
  2 jackals (D:5)
  A quokka (D:2)
  7 frilled lizards
  A jackal skeleton (D:5)
  5 kobolds
  5 rats
68 creatures vanquished.

Notes
Turn   | Place    | Note
-------+----------+-------------------------------------------
     0 | D:1      | torrenera the Demonspawn Ice Elementalist began the quest for the Orb.
     0 | D:1      | Reached XP level 1. HP: 13/13 MP: 3/3
   148 | D:1      | Reached skill level 3 in Ice Magic
   258 | D:1      | Gained mutation: Your movements are slightly less encumbered by armour. (ER -2) [demonic ancestry]
   258 | D:1      | Reached XP level 2. HP: 16/19 MP: 0/5
  1205 | D:2      | Found a shattered altar of Ashenzari.
  1269 | D:2      | Reached XP level 3. HP: 16/24 MP: 2/6
  2073 | D:2      | Gained mutation: You are partially covered in sharp spines. [demonic ancestry]
  2073 | D:2      | Reached XP level 4. HP: 28/30 MP: 4/8
  2127 | D:2      | Found a blossoming altar of Fedhas.
  2127 | D:2      | Found a sacrificial altar of Ru.
  2195 | D:2      | Reached skill level 4 in Ice Magic
  2203 | D:2      | Learned a level 3 spell: Ozocubu's Armour
  2208 | D:2      | Learned a level 4 spell: Summon Ice Beast
  3379 | D:3      | Reached skill level 1 in Summonings
  3622 | D:4      | Found a large runed door.
  3622 | D:4      | Found a large runed door.
  3628 | D:4      | Noticed Duvessa
  3629 | D:4      | Noticed Dowan
  3706 | D:5      | Entered Level 5 of the Dungeon
  3811 | D:5      | Reached XP level 5. HP: 35/35 MP: 9/9
  3980 | D:5      | Got a warped chain mail
  4008 | D:5      | Found a radiant altar of Vehumet.
  4032 | D:5      | Became a worshipper of Vehumet
  4065 | D:5      | Noticed Menkaure
  4076 | D:5      | Slain by Menkaure

Skill      XL: |  1  2  3  4 |
---------------+-------------+-----
Ice Magic      | 3 4 |  4.4
Spellcasting   | 3 |  3.3
Summonings     | 1 |  1.5
Dodging        | |  1.7
Stealth        | |  1.7
Conjurations   | |  1.0

Action                   |  1- 3 |  4- 6 || total
-------------------------+-------+-------++-------
Melee: Dagger            |    43 |    47 ||    90
       Rapier            |    16 |    11 ||    27
Throw: Stone             |     1 |     2 ||     3
 Cast: Freeze            |    46 |     9 ||    55
       Ozocubu's Armour  |       |     1 ||     1
  Use: Scroll            |       |     6 ||     6
       Potion            |       |     3 ||     3
 Stab: Sleeping          |     2 |     7 ||     9
  Eat: Chunk             |     4 |     6 ||    10
Armor: Robe              |    46 |    10 ||    56
Dodge: Dodged            |    65 |    35 ||   100
